 Dungeon Crawl Stone Soup version 0.23.2-40-g277498a (webtiles) character file.

Game seed: 8229266365037349590

275 Lorak the Skirmisher (level 6, -4/53 HPs)
             Began as a Gnoll Wanderer on Oct 7, 2019.
             Slain by an orc
             ... wielding a +0 trident
              (7 damage)
             ... on level 4 of the Dungeon.
             The game lasted 00:08:42 (3509 turns).

Lorak the Skirmisher (Gnoll Wanderer)               Turns: 3509, Time: 00:08:43

Health: -4/53      AC:  8    Str: 16    XL:     6   Next: 25%
Magic:  8/8        EV:  9    Int: 13    God:
Gold:   54         SH:  9    Dex: 16    Spells: 8/8 levels left

rFire    . . .     SeeInvis .   i - +3 dagger
rCold    . . .     Gourm    .   d - +0 shield
rNeg     . . .     Faith    .   b - +0 ring mail
rPois    .         Spirit   .   s - +2 helmet
rElec    .         Reflect  .   (no cloak)
rCorr    .         Harm     .   (no gloves)
MR       .....                  (no boots)
Stlth    +++.......             (no amulet)
HPRegen  0.17/turn              (no ring)
MPRegen  0.11/turn              (no ring)

@: no status effects
A: distributed training, fangs 1, strong nose
a: no special abilities


You were on level 4 of the Dungeon.
You were not hungry.

You visited 1 branch of the dungeon, and saw 4 of its levels.

You collected 54 gold pieces.

Inventory:

Hand Weapons
 a - a +0 club
 i - a +3 dagger (weapon)
Missiles
 r - a throwing net (quivered)
Armour
 b - a +0 ring mail (worn)
 d - a +0 shield (worn)
 s - a +2 helmet (worn)
Wands
 n - a wand of clouds (8)
Scrolls
 e - a scroll of amnesia {unknown}
 g - 4 scrolls of identify
 h - 2 scrolls of magic mapping
 j - 2 scrolls of teleportation
 l - a scroll of random uselessness {unknown}
 m - 2 scrolls of remove curse {unknown}
 q - a scroll of fear {unknown}
Potions
 k - a potion of lignification {unknown}
 o - a potion of agility {unknown}
 p - a potion of cancellation {unknown}
 t - a potion of might {unknown}
Comestibles
 f - 8 rations
 v - a chunk of flesh


   Skills:
 + Level 6.8 Fighting
 + Level 1.8 Short Blades
 + Level 3.1 Long Blades
 + Level 1.8 Axes
 + Level 1.8 Maces & Flails
 + Level 1.8 Polearms
 + Level 1.8 Staves
 + Level 1.8 Slings
 + Level 1.8 Bows
 + Level 3.1 Crossbows
 + Level 1.8 Throwing
 + Level 3.1 Armour
 + Level 1.8 Dodging
 + Level 6.2 Stealth
 + Level 3.1 Shields
 + Level 1.8 Unarmed Combat
 + Level 1.8 Spellcasting
 + Level 1.4 Conjurations
 + Level 1.4 Hexes
 + Level 1.4 Charms
 + Level 1.4 Summonings
 + Level 1.4 Necromancy
 + Level 1.4 Translocations
 + Level 1.4 Transmutations
 + Level 1.4 Fire Magic
 + Level 1.4 Ice Magic
 + Level 1.4 Air Magic
 + Level 1.4 Earth Magic
 + Level 1.4 Poison Magic
 + Level 2.0 Invocations
 + Level 1.8 Evocations


You had 8 spell levels left.
You didn't know any spells.
Your spell library was empty.

Dungeon Overview and Level Annotations

Branches:
Dungeon (4/15)             Temple (0/1) D:4

Altars:
Sif Muna

Annotations:
D:2 Sigmund


Innate Abilities, Weirdness & Mutations

Your experience applies equally to all skills.
You have very sharp teeth.
Your uncanny sense of smell can sniff out nearby items.


Message History

The orc priest begins to cast a cantrip, but forgets the words!
The crimson imp blinks!
The orc priest miscasts a cantrip.
A quokka comes into view.
Found 14 gold pieces.
Found a stone staircase leading up.
You hit the quokka. You bite the quokka.
The quokka is severely wounded.
The quokka bites you.
* * * LOW HITPOINT WARNING * * *
You hit the quokka.
The quokka is almost dead.
The quokka bites you.
* * * LOW HITPOINT WARNING * * *
You miss the quokka. You bite the quokka, but do no damage.
The quokka is almost dead.
You block the quokka's attack. The orc barely misses you.
You hit the quokka.
You kill the quokka!
The orc hits you from afar with a +0 trident!
You die...

,,,,,,,,+,,,,,,,,,+........#.#
**,,,,***,,,,,,,,,**,#.....o.#
**,*,* **,,,,,,,**#.##.#.o###
*,,,,* **,,,,,** #.......#
*,,,,* **,,,** #######o#
*,,,** **+** #o# **,** *,* #.#
*,* #$############.# *,*****
*#<.†@ooo..oo...#
*,*,,,***#...#############
*,,***,*#...,,** *,**
**,##.,,,,* *,* *,*#,,,,,*
*,** **,**,,,,,*
**,***,,,,,,,,**
**,,,********* *****


You could see an orc priest and 4 orcs.

Vanquished Creatures
  An orc wizard (D:4)
  An orc priest (D:4)
  A worker ant (D:4)
  Robin (D:3)
  6 gnolls
  5 adders
  An ooze (D:1)
  2 dart slugs
  2 leopard geckos
  2 orcs (D:4)
  8 giant cockroaches
  13 goblins
  10 hobgoblins
  A quokka (D:4)
  3 bats
  7 frilled lizards
  6 kobolds
  2 rats
72 creatures vanquished.

Notes
Turn   | Place    | Note
-------+----------+-------------------------------------------
     0 | D:1      | Lorak the Gnoll Wanderer began the quest for the Orb.
     0 | D:1      | Lorak set off with the following items: a +0 club, a +0
                  | ring mail, a potion of curing, a +0 shield, a +0 dagger, a
                  | ration
     0 | D:1      | Reached XP level 1. HP: 23/23 MP: 1/1
   153 | D:1      | Reached XP level 2. HP: 29/29 MP: 2/2
   496 | D:1      | Reached XP level 3. HP: 35/35 MP: 3/3
   862 | D:2      | Reached skill level 1 in Invocations
   871 | D:2      | Reached skill level 1 in Short Blades
   871 | D:2      | Reached skill level 1 in Axes
   871 | D:2      | Reached skill level 1 in Maces & Flails
   871 | D:2      | Reached skill level 1 in Polearms
   871 | D:2      | Reached skill level 1 in Staves
   871 | D:2      | Reached skill level 1 in Slings
   871 | D:2      | Reached skill level 1 in Bows
   871 | D:2      | Reached skill level 1 in Throwing
   871 | D:2      | Reached skill level 1 in Dodging
   871 | D:2      | Reached skill level 1 in Unarmed Combat
   871 | D:2      | Reached skill level 1 in Spellcasting
   871 | D:2      | Reached skill level 1 in Evocations
  1020 | D:1      | Reached XP level 4. HP: 30/41 MP: 5/5
  1331 | D:2      | Noticed Sigmund
  1600 | D:2      | Reached skill level 1 in Conjurations
  1600 | D:2      | Reached skill level 1 in Hexes
  1600 | D:2      | Reached skill level 1 in Charms
  1600 | D:2      | Reached skill level 1 in Summonings
  1600 | D:2      | Reached skill level 1 in Necromancy
  1600 | D:2      | Reached skill level 1 in Translocations
  1600 | D:2      | Reached skill level 1 in Transmutations
  1600 | D:2      | Reached skill level 1 in Fire Magic
  1600 | D:2      | Reached skill level 1 in Ice Magic
  1600 | D:2      | Reached skill level 1 in Air Magic
  1600 | D:2      | Reached skill level 1 in Earth Magic
  1600 | D:2      | Reached skill level 1 in Poison Magic
  1880 | D:3      | Reached XP level 5. HP: 47/47 MP: 6/6
  2428 | D:3      | Noticed Robin
  2488 | D:3      | Killed Robin
  2886 | D:3      | Found a deep blue altar of Sif Muna.
  3453 | D:4      | Reached XP level 6. HP: 26/53 MP: 8/8
  3507 | D:4      | HP: 2/53 [quokka (3)]
  3509 | D:4      | Slain by an orc

Skill      XL: |  1  2  3  4  5 |
---------------+----------------+-----
Stealth        | 6 |  6.2
Invocations    | 1 2 |  2.0
Short Blades   | 1 |  1.8
Axes           | 1 |  1.8
Maces & Flails | 1 |  1.8
Polearms       | 1 |  1.8
Staves         | 1 |  1.8
Slings         | 1 |  1.8
Bows           | 1 |  1.8
Throwing       | 1 |  1.8
Dodging        | 1 |  1.8
Unarmed Combat | 1 |  1.8
Spellcasting   | 1 |  1.8
Evocations     | 1 |  1.8
Conjurations   | 1 |  1.4
Hexes          | 1 |  1.4
Charms         | 1 |  1.4
Summonings     | 1 |  1.4
Necromancy     | 1 |  1.4
Translocations | 1 |  1.4
Transmutations | 1 |  1.4
Fire Magic     | 1 |  1.4
Ice Magic      | 1 |  1.4
Air Magic      | 1 |  1.4
Earth Magic    | 1 |  1.4
Poison Magic   | 1 |  1.4
Long Blades    | 3 |  3.1
Crossbows      | 3 |  3.1
Armour         | 3 |  3.1
Shields        | 3 |  3.1
Fighting       | |  6.8

Action                   |  1- 3 |  4- 6 || total
-------------------------+-------+-------++-------
Melee: Club              |    52 |       ||    52
       Bite              |     9 |    27 ||    36
       Dagger            |    47 |   202 ||   249
  Use: Scroll            |       |     3 ||     3
       Potion            |       |     3 ||     3
 Stab: Sleeping          |     3 |     4 ||     7
  Eat: Chunk             |       |     5 ||     5
       Ration            |       |     1 ||     1
Armor: Ring mail         |    43 |    79 ||   122
Dodge: Dodged            |    55 |    90 ||   145
Block: Shield            |    56 |   119 ||   175
